 Dungeon Crawl Stone Soup version 0.30.1-11-g7821555f0a (webtiles) character file.

Game seed: 15330331458130920698

128310 Martska the Severer (level 16, -1/161 HPs)
             Began as a Minotaur Fighter on Dec 4, 2023.
             Was the Champion of the Shining One.
             Collided with a rock wall (6 damage)
             ... caused by a deep elf knight
             ... on level 1 of the Elven Halls.
             The game lasted 00:55:45 (18357 turns).

Martska the Severer (Minotaur Fighter)             Turns: 18357, Time: 00:55:46

Health: -1/161     AC: 21    Str: 33    XL:     16   Next: 48%
Magic:  5/5        EV: 20    Int:  5    God:    the Shining One [******]
Gold:   1189       SH:  0    Dex: 12    Spells: 15/15 levels left

rFire   + . .        k - +8 Wrath of Trog {antimagic, *Rage Rampage}
rCold   . . .        (shield currently unavailable)
rNeg    + + +        B - +0 chain mail of Autumn {rF+ Regen+}
rPois   .            i - +0 mask of the Dragon {Will+ Slay+3 SInv}
rElec   .            S - +0 cloak
rCorr   .            E - +2 pair of gloves
SInv    +            o - +1 pair of boots {Stlth+}
Will    +....        R - amulet of the Pure Princes {Acrobat Will- Regen+ Slay+2 SInv} Stlth
                     d - +5 ring of evasion
HPRegen 2.06/turn    y - +6 ring of strength
MPRegen 0.09/turn

%: random rage (50%), acrobat, rampage
@: on berserk cooldown, hasted and slowed, glowing, studying Ranged Weapons
A: horns 2, retaliatory headbutt
a: Renounce Religion, Divine Shield, Cleansing Flame, Summon Divine Warrior,
Brand Weapon With Holy Wrath


You were on level 1 of the Elven Halls.
You worshipped the Shining One.
The Shining One was exalted by your worship.
You visited 4 branches of the dungeon, and saw 23 of its levels.
You also visited: Bailey.

You collected 2241 gold pieces.
You spent 1052 gold pieces at shops.

Inventory:

Hand Weapons
 b - the +6 whip of Gepp {freeze, rF+ rC+ Int+4 Dex+4 SInv}
   (You found it on level 6 of the Dungeon)

   Int:       It affects your intelligence (+4).
   Dex:       It affects your dexterity (+4).
   rF:        It protects you from fire.
   rC:        It protects you from cold.
   SInv:      It lets you see invisible.
 k - the +8 Wrath of Trog (weapon) {antimagic, *Rage Rampage}
   (You acquired it on level 4 of the Dungeon)

   It causes slowness and exhaustion when equipped.
   It extends the wielder's berserk rage when killing foes.
   *Rage:     It berserks you when you make melee attacks (+50% chance).
   Rampage:   It bestows one free step when moving towards enemies.
 p - a +9 broad axe of protection
 x - a +1 battleaxe of electrocution
 K - a +1 demon whip of venom
 M - a +3 heavy hand axe
Armour
 i - the +0 mask of the Dragon (worn) {Will+ Slay+3 SInv}
   (You found it on level 14 of the Dungeon)

   Slay:      It affects your accuracy & damage with ranged weapons and melee
   (+3).
   SInv:      It lets you see invisible.
   Will:      It increases your willpower.
 o - a +1 pair of boots of stealth (worn)
 r - a +8 chain mail of ponderousness
 B - the +0 chain mail of Autumn (worn) {rF+ Regen+}
   (You acquired it on level 6 of the Dungeon)

   rF:        It protects you from fire.
   Regen:     It increases your rate of health regeneration.
 E - a +2 pair of gloves (worn)
 Q - the +3 hat of Pondering {ponderous, Will+ MP+10 Int+5}
   (You took it off Gastronok on level 9 of the Dungeon)

   Int:       It affects your intelligence (+5).
   MP:        It affects your magic capacity (+10).
   Will:      It increases your willpower.
 S - a +0 cloak (worn)
Jewellery
 c - a +6 ring of intelligence
 d - a +5 ring of evasion (left hand)
 f - a ring of fire
 n - the amulet "Xajerum" {Reflect Harm SH+5}
   (You found it on level 14 of the Dungeon)

   [amulet of reflection]

   It reflects blocked missile attacks.
   SH:        It affects your SH (+5).
   Harm:      It increases damage dealt and taken.
 s - the ring "Feaduir" {Ice rPois Will+ Int-4}
   (You found it on level 11 of the Dungeon)

   [ring of ice]

   It enhances your ice magic.
   Int:       It affects your intelligence (-4).
   rF:        It makes you vulnerable to fire.
   rC:        It protects you from cold.
   rPois:     It protects you from poison.
   Will:      It increases your willpower.
 y - a +6 ring of strength (right hand)
 C - an amulet of regeneration
 G - a +6 ring of strength
 I - a +6 ring of intelligence
 O - a ring of positive energy
 R - the amulet of the Pure Princes (around neck) {Acrobat Will- Regen+ Slay+2 SInv}
   (You found it on level 14 of the Dungeon)

   [amulet of the acrobat]

   It increases your evasion while moving and waiting.
   Slay:      It affects your accuracy & damage with ranged weapons and melee
   (+2).
   SInv:      It lets you see invisible.
   Regen:     It increases your rate of health regeneration.
   Will:      It decreases your willpower.
 T - an amulet of the acrobat
 W - a ring of poison resistance
 X - a +6 ring of strength
 Y - an amulet of reflection
 Z - a ring of flight
Wands
 e - a wand of quicksilver (7)
 D - a wand of flame (33)
 L - a wand of polymorph (19)
Scrolls
 l - a scroll of poison
 m - 11 scrolls of teleportation
 q - 5 scrolls of immolation
 F - a scroll of blinking
 H - 2 scrolls of fog
 J - 2 scrolls of silence
 N - 5 scrolls of magic mapping
 P - 2 scrolls of butterflies
Potions
 h - 8 potions of flight
 j - 12 potions of curing
 t - 8 potions of ambrosia
 v - a potion of cancellation
 w - 5 potions of heal wounds (quivered)
 z - 3 potions of berserk rage
 A - 2 potions of might
 U - 4 potions of invisibility
 V - a potion of resistance
Miscellaneous
 a - a piece from Xom's chessboard (15/15)


   Skills:
 * Level 19.5 Fighting
 * Level 19.8 Axes
 - Level 15.0 Armour
 + Level 13.7 Dodging
 - Level 3.6 Shields
 - Level 2.0 Invocations


You had 15 spell levels left.
You didn't know any spells.
Your spell library contained the following spells:

 Spells                   Type           Power      Damage    Failure   Level
 Sandblast                Erth           0%         2d4       80%         1
 Shock                    Conj/Air       0%         1d3       80%         1
 Passwall                 Tmut/Erth      0%         N/A       90%         2
 Call Canine Familiar     Summ           0%         N/A       99%         3
 Inner Flame              Hex/Fire       0%         N/A       99%         3
 Portal Projectile        Hex/Tloc       0%         N/A       99%         3
 Stone Arrow              Conj/Erth      0%         3d7       99%         3
 Swiftness                Air            0%         N/A       99%         3
 Volatile Blastmotes      Fire/Tloc      0%         2d10      99%         3
 Airstrike                Air            0%         2d(0-16)  100%        4
 Anguish                  Hex/Necr       0%         N/A       100%        4
 Cause Fear               Hex            0%         N/A       100%        4
 Flame Wave               Conj/Fire      0%         2d4       100%        4
 Fulminant Prism          Conj/Hex       0%         3d5       100%        4
 Iskenderun's Mystic Bla  Conj/Tloc      0%         2d3       100%        4
 Leda's Liquefaction      Hex/Erth       0%         N/A       100%        4
 Sticky Flame             Conj/Fire      0%         2d3       100%        4
 Lee's Rapid Deconstruct  Erth           0%         3d4*      100%        5
 Conjure Ball Lightning   Conj/Air       0%         3x3d6     100%        6
 Enfeeble                 Hex            0%         N/A       100%        7
 Discord                  Hex            0%         N/A       100%        8
 Disjunction              Tloc           0%         N/A       100%        8


Dungeon Overview and Level Annotations

Branches:
Dungeon (15/15)            Temple (0/1) D:7            Lair (5/5) D:9
 Shoals (0/4) Lair:2       Spider (0/4) Lair:2          Orc (2/2) D:11
    Elf (1/3) Orc:2        Vaults (0/5) D:14         Depths (0/4) D:15
 Bailey (visited)
  Slime: Lair:4-5

Altars:
Gozag
Okawaru
Qazlal
Sif Muna
Vehumet
Yredelemnul
The Shining One
Jiyva

Shops:
D:6 (   D:7 !   D:8 (   Orc:2 *=([

Portals:
Trove: D:13 (give +5 ice dragon scales)

Annotations:
D:15 3 runed translucent doors, Paminenn's ghost, journeyman MiFi
Lair:4 exclusion: oklob plant
Lair:5 exclusion: 2 oklob plants


Innate Abilities, Weirdness & Mutations

You have a pair of horns on your head.
You reflexively headbutt those who attack you in melee.


Message History

The deep elf zephyrmancer blinks!
A deep elf zephyrmancer comes into view.
It is wielding a +0 dagger.
The +1 heavy scimitar closely misses you.
You feel yourself speed up.
The deep elf archer falters for a moment.
The deep elf zephyrmancer mumbles some strange words.
The deep elf zephyrmancer blinks!
The deep elf knight gestures wildly while chanting.
The deep elf knight flickers and vanishes for a moment.
A +1 heavy halberd comes into view.
The +1 heavy scimitar hits you!
The deep elf archer casts a spell.
The deep elf archer blinks!
The deep elf zephyrmancer points at you and mumbles some strange words.
The bolt of lightning hits the +1 heavy scimitar.
The +1 heavy scimitar completely resists.
The bolt of lightning misses you.
The deep elf pyromancer gestures wildly while chanting.
The deep elf pyromancer blinks!
The deep elf archer falters for a moment.
You hear a shout!
You hear a screech!
You closely miss the deep elf archer.
The deep elf archer is severely wounded.
You closely miss the deep elf knight. You slice the +1 heavy scimitar!!
The +1 heavy scimitar hits you.
The +1 heavy halberd hits you from afar!
The deep elf knight hits you with a +0 short sword.
The deep elf pyromancer gestures wildly while chanting.
The deep elf archer completely misses you.
The deep elf pyromancer falters for a moment.
The deep elf pyromancer casts a spell.
You feel much better. The +1 heavy scimitar hits you!!
The +1 heavy halberd hits you from afar!!
* * * LOW HITPOINT WARNING * * *
The deep elf knight points at you and mumbles some strange words.
The lance of force hits you!!
* * * LOW HITPOINT WARNING * * *
You are knocked back by the lance of force.
You slam into the rock wall!
You die...

............)..# #.##.#.#
e.....ee..☼○.)####.##.#.#
....#....EE..).....##.#.###
..#.##......e####.....#....
.......§..e..# #.#########
###..(e..## #.....#....
#####.(ee(.# ###.#.#.###
.......##.### #.#.#.#
#.######.)@# #.#.#.# #.).#
###.#...### #.).#
#.......#.. #...###
#..####.#..
.........##..####.#..
..)............#..)....
#...........##.......#..
####.#....#####..#.##.#.. .
#.#....# #........#..


You could see 2 deep elf archers, a deep elf knight (invisible), 2 deep elf
pyromancers, a fire elemental (summoned) and 2 dancing weapons.

Vanquished Creatures
  Jorgrun (Orc:2)
  Gastronok (D:9)
  Kirke (D:14)
  Louise (D:14)
  A deep elf elementalist (Elf:1)
  3 orc warlords
  4 deep elf annihilators
  Josephine (D:11)
  A rakshasa (D:14)
  A catoblepas (D:15)
  7 boulder beetles
  A centaur warrior (D:13)
  6 hydras
  An anaconda (shapeshifter) (D:15)
  4 two-headed ogres
  2 tengu warriors
  3 death yaks (Lair:5)
  3 dancing weapons (Elf:1)
  An orc high priest (Orc:2)
  Urug (Lair:4)
  3 deep elf knights
  Amaemon (D:8)
  A spectral death yak (Lair:5)
  A skyshark (Lair:5)
  The ghost of bimbombam the Slicer, a novice DsGl of Ashenzari (D:7)
  2 skeletal warriors (D:14)
  A wizard (D:14)
  The ghost of blanketernal the Twirler, a novice MiGl of Gozag (D:6)
  3 deep elf pyromancers
  5 deep elf zephyrmancers (Elf:1)
  4 orc knights
  2 necromancers (Lair:5)
  5 orc sorcerers (Orc:2)
  A wolf spider (D:14)
  17 ugly things
  5 manticores
  7 cyclopes
  9 elephants
  A salamander (D:15)
  A molten gargoyle (Lair:1)
  An orange demon (D:8)
  2 black mambas
  8 cane toads
  An unseen horror (D:12)
  A rime drake (Lair:3)
  A kobold demonologist (D:11)
  5 komodo dragons
  4 yaktaurs (D:15)
  A tengu conjurer (D:13)
  2 ice devils (D:11)
  6 trolls
  A guardian mummy (D:13)
  A meliai (shapeshifter) (D:13)
  The ghost of Hawk2023 the Shield-Bearer, an amateur GnFi of the Shining One (D:5)
  A queen bee (D:11)
  4 meliai
  5 polar bears
  A hornet (D:9)
  A wind drake (shapeshifter) (D:14)
  A blink frog (shapeshifter) (D:14)
  8 blink frogs
  Prince Ribbit (D:6)
  2 jumping spiders (Lair:2)
  5 centaur simulacra
  A shadow (D:13)
  Sigmund (D:3)
  9 slime creatures
  2 water elementals
  7 wraiths
  4 wyverns
  A vampire (D:12)
  6 basilisks
  51 yaks
  3 hogs (D:14)
  4 fire bats (Lair:1)
  6 steam dragons
  12 vampire mosquitoes
  A death yak simulacrum (Lair:5)
  8 wargs
  2 acid dragons
  11 water moccasins
  Duvessa (D:6)
  38 orc warriors
  A black bear (D:5)
  4 ice beasts
  2 sky beasts
  6 ogres
  14 wolves
  8 centaurs
  A phantom (D:6)
  The ghost of ripuliukko the Digger, an amateur GrEE (D:3)
  8 bullfrogs
  3 gnoll sergeants
  2 kobold brigands
  Blork the orc (D:6)
  A cane toad simulacrum (Lair:5)
  A scorpion (D:5)
  9 wights
  Dowan (D:6)
  24 killer bees
  14 electric eels
  2 howler monkeys
  3 lava snakes (Lair:1)
  3 hounds
  2 gnoll boudas
  13 orc priests
  4 jellies
  2 iguanas
  18 orc wizards
  A sleepcap (D:8)
  Terence (D:2)
  A boggart simulacrum (D:11)
  27 gnolls
  8 adders
  A hound simulacrum (D:3)
  2 shadow imps
  3 white imps (D:11)
  4 worms
  5 dart slugs
  An adder simulacrum (D:3)
  72 orcs
  7 ball pythons
  8 endoplasms
  3 giant cockroaches
  10 goblins
  8 hobgoblins
  13 kobolds
  8 quokkas
  7 bats
  A frilled lizard (D:2)
  A jackal simulacrum (D:3)
  5 rats
692 creatures vanquished.

Vanquished Creatures (others)
  An orc sorcerer (Orc:2)
  A yaktaur (D:15)
  2 humans (D:14)
  An orc wizard (D:11)
5 creatures vanquished.

Grand Total: 697 creatures vanquished

Notes
Turn   | Place    | Note
-------+----------+-------------------------------------------
     0 | D:1      | Martska the Minotaur Fighter began the quest for the Orb.
     0 | D:1      | Reached XP level 1. HP: 19/19 MP: 0/0
   154 | D:1      | You fall into a shaft and drop 1 floor!
   169 | D:2      | Reached XP level 2. HP: 13/27 MP: 1/1
   377 | D:1      | Reached skill level 1 in Dodging
   637 | D:1      | Reached XP level 3. HP: 33/33 MP: 2/2
   949 | D:2      | Noticed Terence
   958 | D:2      | Killed Terence
  1185 | D:2      | Found a glowing golden altar of the Shining One.
  1198 | D:2      | Became a worshipper of the Shining One
  1233 | D:2      | Reached XP level 4. HP: 40/40 MP: 3/3
  1385 | D:2      | Noticed a phantom
  1955 | D:3      | Found a runed translucent gate.
  1959 | D:3      | Found a runed translucent gate.
  1960 | D:3      | Found a runed translucent gate.
  2317 | D:3      | Noticed Sigmund
  2321 | D:3      | Killed Sigmund
  2322 | D:3      | Reached skill level 5 in Fighting
  2322 | D:3      | Reached skill level 5 in Armour
  2322 | D:3      | Reached skill level 1 in Invocations
  2322 | D:3      | Reached XP level 5. HP: 40/48 MP: 4/4
  2322 | D:3      | Reached XP level 6. HP: 46/56 MP: 5/5
  2408 | D:3      | Noticed ripuliukko's ghost (amateur GrEE)
  2826 | D:3      | Reached * piety under the Shining One
  2829 | D:3      | Killed ripuliukko's ghost
  3167 | D:4      | Reached XP level 7. HP: 58/61 MP: 7/7
  3320 | D:4      | Reached skill level 5 in Axes
  3510 | D:4      | Identified a scroll of acquirement
  3515 | D:4      | Acquired the +8 Wrath of Trog {antimagic, *Rage Rampage}
  3515 | D:4      | Found the +8 Wrath of Trog {antimagic, *Rage Rampage}
  3590 | D:5      | Entered Level 5 of the Dungeon
  3730 | D:5      | Found a transporter.
  3730 | D:5      | Noticed Hawk2023's ghost (amateur GnFi)
  3751 | D:5      | Found a transporter.
  3790 | D:5      | Killed Hawk2023's ghost
  3791 | D:5      | Reached XP level 8. HP: 73/73 MP: 2/8
  3816 | D:5      | Reached skill level 5 in Dodging
  4087 | D:5      | Found a basalt altar of Yredelemnul.
  4141 | D:5      | Found an opulent altar of Gozag.
  4489 | D:6      | Acquired the +0 chain mail of Autumn {rF+ Regen+}
  4554 | D:6      | Found Gouclaaq's Antique Weapon Shoppe.
  4615 | D:6      | Identified the +6 whip of Gepp {freeze, rF+ rC+ Int+4 Dex+4
                  | SInv}
  4642 | D:6      | Noticed Dowan
  4642 | D:6      | Noticed Blork the orc
  4649 | D:6      | Killed Blork the orc
  4650 | D:6      | Reached XP level 9. HP: 82/82 MP: 3/9
  4650 | D:6      | Killed Dowan
  4653 | D:6      | Noticed Duvessa
  4654 | D:6      | Noticed blanketernal's ghost (novice MiGl)
  4657 | D:6      | Killed Duvessa
  4664 | D:6      | Noticed Prince Ribbit
  4670 | D:6      | Reached ** piety under the Shining One
  4673 | D:6      | Killed Prince Ribbit
  4675 | D:6      | Found a runed translucent gate.
  4675 | D:6      | Found a runed translucent gate.
  4675 | D:6      | Found a runed translucent gate.
  4702 | D:6      | Killed blanketernal's ghost
  4706 | D:6      | Reached skill level 10 in Fighting
  5588 | D:7      | Reached skill level 10 in Axes
  5604 | D:7      | Found a staircase to the Ecumenical Temple.
  5651 | D:7      | Found a transporter.
  5654 | D:7      | Found a transporter.
  5654 | D:7      | Noticed bimbombam's ghost (novice DsGl)
  5698 | D:7      | Killed bimbombam's ghost
  5699 | D:7      | Reached XP level 10. HP: 94/94 MP: 3/10
  5905 | D:7      | Found Qutyrajo's Distillery.
  5913 | D:7      | Bought a potion of curing for 39 gold pieces
  5913 | D:7      | Bought a potion of curing for 39 gold pieces
  5913 | D:7      | Bought a potion of heal wounds for 65 gold pieces
  5913 | D:7      | Bought a potion of curing for 39 gold pieces
  6323 | D:8      | Noticed an orange demon
  6328 | D:8      | Noticed Amaemon
  6333 | D:8      | Killed Amaemon
  6335 | D:8      | Killed an orange demon
  6542 | D:8      | Reached *** piety under the Shining One
  6585 | D:8      | Found Awyvehe's Weapon Shoppe.
  6691 | D:8      | Found a glowing golden altar of the Shining One.
  6839 | D:8      | Found a shimmering blue altar of Sif Muna.
  6848 | D:8      | Found a stormy altar of Qazlal.
  7104 | D:9      | Reached XP level 11. HP: 103/104 MP: 3/11
  7456 | D:9      | Noticed Gastronok
  7459 | D:9      | Found a staircase to the Lair.
  7470 | D:9      | Killed Gastronok
  7717 | Lair:1   | Entered Level 1 of the Lair of Beasts
  7717 | Lair:1   | Noticed a boulder beetle
  7732 | Lair:1   | Killed a boulder beetle
  7745 | Lair:1   | Reached skill level 10 in Armour
  8035 | Lair:1   | Reached **** piety under the Shining One
  8093 | Lair:1   | You fall into a shaft and drop 1 floor!
  8575 | Lair:2   | Found a hole to the Spider Nest.
  8583 | Lair:2   | Reached XP level 12. HP: 115/115 MP: 4/12
  9067 | Lair:2   | Found a staircase to the Shoals.
  9697 | Lair:3   | Found an iron altar of Okawaru.
  9951 | Lair:4   | Noticed a six-headed hydra
  9960 | Lair:4   | Killed a six-headed hydra
 10030 | Lair:4   | Noticed a six-headed hydra
 10037 | Lair:4   | Killed a six-headed hydra
 10120 | Lair:4   | Reached skill level 10 in Dodging
 10126 | Lair:4   | Noticed Urug
 10129 | Lair:4   | Noticed a five-headed hydra
 10136 | Lair:4   | Killed a six-headed hydra
 10142 | Lair:4   | Killed Urug
 10143 | Lair:4   | Reached skill level 15 in Fighting
 10638 | Lair:5   | Entered Level 5 of the Lair of Beasts
 10715 | Lair:5   | Noticed a death yak
 10716 | Lair:5   | Noticed a death yak
 10717 | Lair:5   | Noticed a death yak
 10722 | Lair:5   | Killed a death yak
 10723 | Lair:5   | Reached XP level 13. HP: 126/126 MP: 4/13
 10727 | Lair:5   | Reached skill level 15 in Axes
 10967 | Lair:5   | Noticed a dire elephant
 10973 | Lair:5   | Noticed a dire elephant
 11136 | Lair:5   | Found the +1 robe of Vines {NoPotionHeal Regen++++}
 11767 | D:10     | Entered Level 10 of the Dungeon
 11845 | D:10     | Found a flagged portal.
 11852 | Bailey   | Entered a bailey
 11857 | Bailey   | Noticed an orc warlord
 11894 | Bailey   | Found a runed translucent gate.
 11894 | Bailey   | Found a runed translucent gate.
 11894 | Bailey   | Found a runed translucent gate.
 11922 | Bailey   | Killed an orc warlord
 11931 | Bailey   | Identified the +1 robe "Eduach" {rN+}
 12230 | D:10     | Identified the +5 plate armour "Jig Toma" {Stlth+}
 12697 | D:11     | Found a staircase to the Orcish Mines.
 12772 | Orc:1    | Entered Level 1 of the Orcish Mines
 12791 | Orc:1    | Reached ***** piety under the Shining One
 12800 | Orc:1    | You fall into a shaft and drop 1 floor!
 12800 | Orc:2    | Entered Level 2 of the Orcish Mines
 12800 | Orc:2    | Found Neriumewk's Jewellery Emporium.
 12842 | Orc:2    | Found Zamucaja's General Store.
 12868 | Orc:2    | Bought a scroll of identify for 30 gold pieces
 12868 | Orc:2    | Bought a ring of poison resistance for 300 gold pieces
 12923 | Orc:2    | Bought a +6 ring of strength for 540 gold pieces
 12930 | Orc:2    | Reached XP level 14. HP: 138/138 MP: 4/14
 12952 | Orc:2    | Noticed Jorgrun
 12962 | Orc:2    | Killed Jorgrun
 12963 | Orc:2    | Reached XP level 15. HP: 102/145 MP: 5/15
 13075 | Orc:2    | Found Vuirean's Antique Weapon Emporium.
 13081 | Orc:2    | Paralysed by an orc sorcerer for 4 turns
 13101 | Orc:2    | Found a staircase to the Elven Halls.
 13197 | Orc:2    | Found Teann's Antique Armour Boutique.
 14227 | D:11     | Noticed Josephine
 14234 | D:11     | Killed Josephine
 14240 | D:11     | Reached ****** piety under the Shining One
 14356 | D:11     | Identified the +2 ring mail of the Journeyman {Str+7
                  | Slay-2}
 14455 | D:11     | Identified the ring "Feaduir" {Ice rPois Will+ Int-4}
 14484 | D:11     | Found a radiant altar of Vehumet.
 15883 | D:13     | Identified the +1 mace of the Exiled Defenders {flame,
                  | rPois rC- Stlth+}
 16269 | D:13     | Found a portal to a secret trove of treasure.
 16484 | D:14     | Noticed Louise
 16497 | D:14     | Killed Louise
 16624 | D:14     | Noticed Kirke
 16629 | D:14     | Killed Kirke
 16643 | D:14     | Reached XP level 16. HP: 159/159 MP: 5/16
 16809 | D:14     | Found the +0 mask of the Dragon {Will+ Slay+3 SInv}
 16815 | D:14     | HP: 10/238 [deep elf annihilator/iron shot (54)]
 16832 | D:14     | Identified the amulet of the Pure Princes {Acrobat Will-
                  | Regen+ Slay+2 SInv}
 16895 | D:14     | Identified the amulet "Xajerum" {Reflect Harm SH+5}
 17219 | D:14     | Found a gate to the Vaults.
 17548 | D:15     | Entered Level 15 of the Dungeon
 17685 | D:15     | Found a staircase to the Depths.
 17879 | D:15     | Found a runed translucent gate.
 17879 | D:15     | Found a runed translucent gate.
 17879 | D:15     | Found a runed translucent gate.
 17880 | D:15     | Found a viscous altar of Jiyva.
 17880 | D:15     | Noticed Paminenn's ghost (journeyman MiFi)
 17882 | D:15     | Noticed an acid blob
 18256 | Elf:1    | Entered Level 1 of the Elven Halls
 18306 | Elf:1    | Reached skill level 15 in Armour
 18357 | Elf:1    | HP: 5/161 [deep elf knight/lance of force (21)]
 18357 | Elf:1    | Collided with a rock wall

Illustrated notes

Levels and vault maps discovered:
D:1:      ebering_trefoil_3fold, layout_basic
D:2:      layout_basic, basic_altar, lightli_corner_chamber, uniq_terence
D:3:      layout_basic, gammafunk_ghost_icy, serial_bayou_pond_d,
          hangedman_abyss_or_decor_stabs, uniq_sigmund
D:4:      layout_loops_ring, minmay_manual_mares
D:5:      layout_cave_pods, mainiacjoe_overflow_tiny_flanked,
          lemuel_round_altar, gammafunk_ghost_arena
D:6:      layout_rooms, biasface_ghost_orc_armoury, serial_co_window_serial,
          co_window_of_opportunity_a, co_window_paths_a,
          co_window_of_opportunity_a, co_window_of_opportunity_a,
          co_window_corner_a, co_window_paths_b, co_window_paths_a,
          co_window_corner_a, co_window_paths_a, co_window_cross_2,
          co_window_of_opportunity_c, co_window_unsneaky_path_e,
          co_window_corner_b, co_window_paths_c, co_window_paths_e,
          glass_columns_b, glass_columns_b, glass_columns_b, glass_columns_c,
          serial_shops, shop, uniq_blork_the_orc, uniq_prince_ribbit1,
          uniq_duvessa
D:7:      cheibrodos_steamvent, layout_loops_ring, temple_fountains,
          gammafunk_ghost_arena, serial_shops, nicolae_shop_just_a_little_nook,
          nrook_mini_vaults
D:8:      layout_basic, mainiacjoe_overflow_boulevard,
          mainiacjoe_overflow_swirl, serial_shops, shop,
          kennysheep_generic_room_9, uniq_amaemon
D:9:      layout_roguey, david_lair_shrubbed, uniq_gastronok
D:10:     layout_roguey, enter_bailey_7
D:11:     layout_roguey, erik_orc_2, serial_ice, serial_ice_d, serial_ice_g,
          serial_ice_o, serial_ice_k, portal_ice_cave_demonic_guard,
          special_room [special_room_bee], minmay_ruined_shrine, uniq_josephine
D:12:     layout_basic
D:13:     layout_loops_ring, nicolae_trove_entry_path_of_doom
D:14:     minmay_the_grid_net [minmay_the_grid_medium_cups,
          minmay_the_grid_tri_star, minmay_the_grid_stretched_grid,
          minmay_the_grid_outer_circle, minmay_the_grid_odd_star,
          minmay_the_grid_prize_big_room], layout_loops_ring, minivault_27,
          uniq_louise, uniq_kirke
D:15:     hangedman_depths_entry_try_elsewhere_first, layout_rooms,
          gammafunk_ghost_ooze, serial_park_fountain
Lair:1:   layout_gridlike, nicolae_lair_liquid_snakes, lemuel_fruit_tree,
          infiniplex_staircase_pool_2
Lair:2:   layout_long_grid, elwin_shoals_entry_rooms, spider_nest_entry_a,
          dreamdust_mushroom_princess
Lair:3:   layout_gridlike, basic_altar
Lair:4:   layout_loops_ring, minmay_slime_entry_oklob_enclosed,
          grunt_megastairs_1, uniq_urug
Lair:5:   due_jungle_book, layout_concentric_octagons, st_stairs_9,
          hellmonk_guarded_unrand_vines
Orc:1:    layout_caves
Orc:2:    grunt_orc_gardens, layout_caves, grunt_orc_garden, grunt_orc_garden,
          grunt_orc_garden, grunt_orc_garden, uniq_jorgrun
Elf:1:    elf_arrival_001, layout_loops_cross, minivault_28

Skill      XL: |  1  2  3  4  5  6  7  8  9 10 11 12 13 14 15 16 |
---------------+-------------------------------------------------+-----
Dodging        | 1 3 4 5 7 8 9 10 12 13 | 13.7
Fighting       | 4 5 7 8 10 12 13 15 16 18 19 | 19.5
Armour         | 4 5 6 8 10 12 13 14 15 | 15.0
Axes           | 3 4 6 8 10 11 13 14 17 19 | 19.8
Invocations    | 1 2 |  2.0
Shields        | |  3.6

Action                     |  1- 3 |  4- 6 |  7- 9 | 10-12 | 13-15 | 16-18 || total
---------------------------+-------+-------+-------+-------+-------+-------++-------
  Melee: War axe           |    66 |    85 |    11 |       |       |       ||   162
         Headbutt          |    13 |    15 |    21 |    59 |   152 |    35 ||   295
         Battleaxe         |       |       |    81 |   277 |   531 |   107 ||   996
         Whip              |       |       |       |    22 |    18 |       ||    40
 Invoke: Divine Shield     |       |       |       |       |     1 |       ||     1
  Evoke: Wand              |       |       |       |       |     9 |       ||     9
    Use: Scroll            |     2 |       |    11 |     9 |     8 |     5 ||    35
         Potion            |       |     3 |     1 |       |     5 |     6 ||    15
 Armour: Scale mail        |    24 |    31 |    28 |       |       |       ||    83
         Chain mail        |       |       |    21 |   131 |   157 |    30 ||   339
  Dodge: Dodged            |    29 |    36 |    78 |   294 |   379 |    85 ||   901
  Block: Buckler           |    12 |    24 |     4 |       |       |       ||    40
         Other             |       |       |       |       |    97 |     2 ||    99
         Reflection        |       |       |       |       |     9 |       ||     9
